AoeStats
← ITA | Raffy

Highland

504822210Analyzed
3v3 RM · 25d ago on Sep 6, 2026· 48m 3s· 6 players
Game mode
Random Map
Map size
Normal (6 player)
Population
200
Speed
Normal
Resources
Standard
Victory
Conquest
Starting age
Dark Age
Ending age
Imperial Age
RankedLock teamsTeams togetherTeam positionsShared explorationLock speedFull tech treeHidden civsTurbo modeCheats
Victory
Defeat
🇦🇷 Franks · Argentina
1297
+15
🇦🇺 Bohemians · Australia
1249
+17
🇨🇦 Britons · Canada
1248
+17
🇮🇹 Saracens · Italy
1363
-20
🇮🇹 Teutons · Italy
1256
-16
🇮🇹 Byzantines · Italy
1192
-13
Tattico87
7:53 Loom
7:59 Loom
8:46 Loom
10:32 Feudal Age
11:16 Feudal Age
13:04 Double-Bit Axe
13:32 Stone Mining
13:25 Horse Collar
16:27 Castle Age
17:42 Bow Saw
20:16 Heavy Plow
22:10 Scale Barding Armor
24:42 Gold Mining
27:11 Wheelbarrow
29:10 Caravan
29:39 Hand Cart
30:42 Gold Shaft Mining
30:26 Town Watch
35:35 Imperial Age
33:20 Forging
35:39 Elite Mameluke
36:39 Conscription
36:32 Counterweights
36:48 Redemption
36:58 Sanctity
37:26 Onager
38:30 Chain Barding Armor
39:15 Coinage
40:26 Plate Barding Armor
40:27 Iron Casting
39:22 Siege Onager
42:57 Blast Furnace
41:59 Husbandry
42:09 Bloodlines
44:53 Bimaristan
46:20 Sanctity
Towernello
3:48 Loom
11:49 Feudal Age
13:03 Double-Bit Axe
14:38 Wheelbarrow
23:29 Castle Age
21:14 Horse Collar
21:26 Gold Mining
21:27 Stone Mining
23:39 Fletching
23:50 Padded Archer Armor
30:24 Bow Saw
35:41 Imperial Age
36:02 Redemption
36:14 Bodkin Arrow
36:35 Leather Archer Armor
36:54 Elite Skirmisher
37:51 Leather Archer Armor
42:44 Thumb Ring
41:59 Crossbowman
45:29 Arbalester
47:42 Ballistics
ITA | Raffy
6:34 Loom
11:04 Feudal Age
11:35 Double-Bit Axe
14:26 Horse Collar
17:03 Wheelbarrow
21:48 Castle Age
19:51 Stone Mining
19:55 Gold Mining
20:54 Fletching
23:22 Bodkin Arrow
24:36 Medium Warships
26:29 Fortified Wall
26:30 Masonry
26:53 Bow Saw
27:03 Fishing Lines
30:33 Heavy Plow
32:09 Hand Cart
32:37 Caravan
36:11 Imperial Age
35:04 Bloodlines
36:22 Cavalier
37:11 Scale Barding Armor
37:17 Forging
38:22 Chain Barding Armor
39:46 Plate Barding Armor
40:44 Forging
42:29 Conscription
vegetomen
2:40 Loom
11:38 Feudal Age
15:54 Castle Age
16:21 Fletching
16:38 Crossbowman
19:40 Double-Bit Axe
20:13 Town Watch
23:50 Wheelbarrow
24:46 Bodkin Arrow
26:25 Hand Cart
26:34 Padded Archer Armor
27:19 Stone Mining
29:18 Ballistics
28:40 Treadmill Crane
28:55 Gold Mining
32:11 Imperial Age
30:24 Leather Archer Armor
30:28 Town Patrol
31:16 Bow Saw
32:10 Gold Shaft Mining
32:45 Arbalester
34:28 Chemistry
33:30 Bracer
34:04 Ring Archer Armor
34:30 Conscription
37:28 Masonry
37:23 Siege Engineers
42:03 Yeomen
pity.grillo26
8:14 Loom
10:17 Feudal Age
11:13 Town Watch
14:33 Castle Age
13:03 Double-Bit Axe
17:14 Wheelbarrow
18:20 Bow Saw
21:56 Town Patrol
22:17 Hand Cart
33:35 Imperial Age
31:13 Gold Mining
31:35 Stone Mining
32:42 Scale Barding Armor
32:47 Forging
33:52 Chain Barding Armor
33:56 Cavalier
34:37 Husbandry
34:58 Town Patrol
36:35 Plate Barding Armor
37:20 Gold Shaft Mining
36:21 Capped Ram
37:10 Siege Engineers
38:32 Chivalry
38:53 Conscription
38:52 Paladin
40:46 Iron Casting
43:18 Blast Furnace
45:50 Caravan
BeardyNath
2:32 Loom
12:56 Feudal Age
16:38 Castle Age
15:09 Double-Bit Axe
21:23 Horse Collar
25:39 Fervor
27:39 Bow Saw
30:06 Medium Warships
30:38 Wheelbarrow
30:02 Town Watch
30:21 Fletching
34:55 Imperial Age
34:04 Wagenburg Tactics
36:12 Chemistry
35:26 Bodkin Arrow
35:22 Treadmill Crane
37:48 Two-Man Saw
38:38 Bracer
39:57 Caravan
41:41 Ballistics
42:12 Squires
42:46 Hand Cart
42:07 Pikeman
43:30 Halberdier
44:11 Scale Mail Armor
44:22 Forging
43:47 Elite Hussite Wagon
45:43 Town Patrol
46:06 Chain Mail Armor
46:27 Iron Casting
47:48 Siege Engineers
47:53 Masonry
Connection lost

Rejoining the realm…

Still unreachable

The connection could not be restored.

Session expired

The server has moved on; the page needs a fresh start.